Map: Echo LE (Void)

Players

Nice - Winner!

  • Race: Protoss Protoss
  • League: Master
  • Spawn Location: 5:00

Welmu

  • Race: Protoss Protoss
  • League: Master
  • Spawn Location: 11:00

Event: NationWars IV

VOD

Have the link to the VOD?

Description

Time

  • Played on: Jan. 3, 2017, 1:25 p.m.
  • Length: 16:15

All games in this series

Show
View Real Time Build Order
Export as new Build Order

Nice Protoss - Winner!

Build Orders:  

Get SALT Encoding   

  12  0:01  Probe (Chrono Boost)  
  13  0:12  Probe (Chrono Boost)  
  14  0:18  Pylon  
  14  0:23  Probe (Chrono Boost)  
  15  0:36  Probe (Chrono Boost)  
  15  0:37  Gateway  
  16  0:47  Probe (Chrono Boost)  
  16  0:48  Assimilator  
  17  0:50  Assimilator  
  17  0:57  Probe (Chrono Boost)  
  18  1:08  Probe (Chrono Boost)  
  18  1:09  Gateway  
  19  1:18  Probe (Chrono Boost)  
  19  1:23  Cybernetics Core  
  20  1:29  Probe (Chrono Boost)  
  21  1:34  Pylon  
  21  1:39  Probe (Chrono Boost)  
  22  1:46  Warp Gate  
  22  1:50  Probe (Chrono Boost)  
  23  2:00  Stalker x2  
  29  2:10  Mothership Core (Chrono Boost)  
  29  2:11  Pylon  
  30  2:30  Probe (Chrono Boost)  
  30  2:32  Stalker x2  
  34  2:56  Nexus  
  38  3:05  Sentry x2  
  38  3:08  Pylon  
  38  3:16  Probe (Chrono Boost)  
  39  3:23  Robotics Facility  
  40  3:28  Probe (Chrono Boost)  
  40  3:41  Probe (Chrono Boost)  
  41  3:51  Probe (Chrono Boost), Forge  
  42  3:57  Stalker  
  42  3:59  Stalker  
  42  4:02  Probe (Chrono Boost)  
  47  4:09  Probe (Chrono Boost)  
  48  4:10  Observer  
  48  4:12  Probe (Chrono Boost)  
  50  4:20  Probe (Chrono Boost)  
  50  4:21  Protoss Ground Weapons Level 1  
  50  4:23  Probe (Chrono Boost)  
  52  4:25  Pylon  
  52  4:30  Probe (Chrono Boost)  
  53  4:32  Observer  
  53  4:33  Probe (Chrono Boost)  
  55  4:41  Probe (Chrono Boost)  
  55  4:44  Probe (Chrono Boost)  
  57  4:48  Twilight Council  
  57  4:52  Probe (Chrono Boost)  
  58  4:54  Probe (Chrono Boost)  
  58  4:55  Gateway  
  58  4:57  Gateway  
  59  5:01  Assimilator  
  59  5:02  Probe (Chrono Boost)  
  59  5:05  Probe (Chrono Boost), Assimilator  
  61  5:10  Immortal  
  65  5:21  Probe (Chrono Boost)  
  67  5:22  Probe (Chrono Boost), Pylon  
  67  5:30  Pylon  
  67  5:34  Probe x2 (Chrono Boost)  
  69  5:42  Pylon  
  69  5:46  Probe x2 (Chrono Boost)  
  69  5:47  Charge  
  71  5:54  Stargate  
  71  5:58  Nexus  
  71  6:08  Probe (Chrono Boost)  
  71  6:09  Probe (Chrono Boost)  
  73  6:11  Immortal  
  73  6:17  Pylon  
  77  6:22  Probe (Chrono Boost)  
  77  6:23  Probe (Chrono Boost), Pylon  
  77  6:25  Protoss Ground Weapons Level 2  
  79  6:32  Photon Cannon  
  79  6:34  Probe (Chrono Boost)  
  79  6:35  Phoenix  
  79  6:39  Probe (Chrono Boost)  
  83  6:45  Zealot x2  
  87  6:49  Probe (Chrono Boost)  
  87  6:54  Probe (Chrono Boost)  
  89  6:57  Immortal  
  89  7:01  Probe (Chrono Boost), Phoenix  
  94  7:08  Probe (Chrono Boost)  
  97  7:13  Probe (Chrono Boost)  
  97  7:14  Probe (Chrono Boost)  
  99  7:16  Pylon  
  99  7:20  Probe (Chrono Boost)  
  100  7:22  Phoenix  
  100  7:25  Templar Archives, Probe (Chrono Boost)  
  103  7:32  Probe (Chrono Boost)  
  103  7:33  Assimilator  
  103  7:34  Assimilator  
  103  7:36  Immortal  
  107  7:42  Zealot x2  
  111  7:50  Probe x2 (Chrono Boost)  
  113  7:53  Phoenix  
  113  7:54  Gateway  
  113  7:56  Gateway  
  115  8:04  Gateway  
  115  8:06  Gateway  
  115  8:07  Pylon  
  115  8:14  Phoenix  
  115  8:16  Stargate, High Templar x2  
  115  8:19  Pylon  
  121  8:21  Archon  
  121  8:23  Immortal, Pylon  
  121  8:26  Photon Cannon  
  121  8:31  Protoss Ground Weapons Level 3  
  125  8:36  Phoenix  
  125  8:37  Photon Cannon  
  127  8:41  Pylon  
  127  8:48  Zealot  
  129  8:49  Zealot  
  131  8:56  Phoenix  
  131  8:58  Phoenix  
  135  9:13  Zealot x5  
  135  9:16  Pylon  
  145  9:18  Phoenix  
  145  9:24  Immortal  
  147  9:25  Phoenix  
  153  9:39  Phoenix  
  153  9:45  Fleet Beacon  
  155  9:47  Phoenix  
  157  10:01  Phoenix  
  157  10:03  Zealot x6  
  171  10:09  High Templar  
  171  10:13  Pylon  
  173  10:15  Pylon  
  173  10:17  Pylon  
  173  10:21  Gateway  
  173  10:25  Gateway  
  173  10:28  Phoenix  
  173  10:31  Immortal  
  173  10:32  High Templar  
  181  10:40  Archon  
  187  10:45  Phoenix  
  187  10:49  Phoenix  
  189  10:55  Zealot x3  
  142  11:21  Zealot x2  
  142  11:22  Zealot x6  
  106  11:42  Zealot x6  
  106  11:43  Zealot x4  
  111  12:00  Protoss Shields Level 1  
  109  12:04  High Templar  
  109  12:05  High Templar x5  
  109  12:08  High Templar x2  
  125  12:15  Archon  
  125  12:16  Nexus, Archon x3  
  125  12:18  Pylon  
  125  12:20  Immortal  
  129  12:34  High Templar x2  
  133  12:38  Archon  
  133  12:39  Zealot x2, Carrier  
  133  12:40  Zealot  
  143  12:56  Carrier  
  149  13:07  Immortal  
  153  13:26  High Templar  
  153  13:27  High Templar  
  157  13:28  Zealot x3  
  157  13:31  Archon  
  163  13:41  Immortal  
  163  13:44  Graviton Catapult  
  167  13:49  Pylon x2  
  167  13:50  Assimilator  
  167  13:54  Assimilator  
  167  14:00  Zealot x4  
  173  14:07  Carrier  
  169  14:12  Carrier  
  181  14:38  Immortal  
  181  14:54  Zealot x3  
  181  14:55  Zealot x3  
  161  15:02  Zealot x2  
  138  15:16  Immortal  
  134  15:22  Zealot x2  
  134  15:23  Zealot x2  
  142  15:31  High Templar x2  
  142  15:32  High Templar x2  
  148  15:35  Archon  
  148  15:36  Archon  
  148  15:45  Photon Cannon  
  148  15:49  Photon Cannon  
  148  15:53  High Templar  
  148  15:54  Zealot x3, High Templar  
  158  15:58  Archon  
  152  16:12  Zealot x3  
  152  16:13  Zealot x2  
Show
View Real Time Build Order
Export as new Build Order

Welmu Protoss 

Build Orders:  

Get SALT Encoding   

  12  0:01  Probe (Chrono Boost)  
  13  0:11  Probe (Chrono Boost)  
  14  0:17  Pylon  
  14  0:22  Probe (Chrono Boost)  
  15  0:35  Probe (Chrono Boost)  
  16  0:36  Gateway  
  16  0:43  Assimilator  
  16  0:46  Probe (Chrono Boost)  
  17  0:50  Assimilator  
  17  0:56  Probe (Chrono Boost)  
  18  1:07  Probe (Chrono Boost)  
  18  1:08  Gateway  
  19  1:17  Probe (Chrono Boost)  
  20  1:23  Cybernetics Core  
  20  1:28  Probe (Chrono Boost)  
  20  1:29  Pylon  
  21  1:38  Probe (Chrono Boost)  
  22  1:46  Warp Gate  
  22  1:49  Probe (Chrono Boost)  
  23  1:59  Adept  
  23  2:00  Adept  
  27  2:07  Pylon  
  27  2:08  Mothership Core (Chrono Boost)  
  29  2:26  Stalker  
  29  2:27  Stalker  
  33  2:53  Nexus  
  33  2:56  Probe (Chrono Boost)  
  34  2:59  Sentry  
  34  3:02  Pylon  
  36  3:08  Probe (Chrono Boost)  
  38  3:20  Probe (Chrono Boost)  
  38  3:24  Robotics Facility  
  38  3:31  Probe (Chrono Boost)  
  35  3:41  Probe (Chrono Boost)  
  35  3:44  Twilight Council  
  36  3:52  Probe (Chrono Boost)  
  38  4:02  Probe (Chrono Boost)  
  38  4:06  Probe (Chrono Boost)  
  39  4:12  Observer  
  39  4:13  Probe (Chrono Boost)  
  39  4:15  Blink  
  42  4:17  Probe (Chrono Boost)  
  42  4:23  Probe (Chrono Boost)  
  43  4:27  Probe (Chrono Boost)  
  43  4:29  Immortal  
  44  4:34  Assimilator  
  44  4:35  Probe (Chrono Boost)  
  44  4:38  Probe (Chrono Boost), Assimilator  
  51  4:47  Probe (Chrono Boost)  
  51  4:48  Probe (Chrono Boost), Pylon  
  52  4:59  Probe x2 (Chrono Boost)  
  54  5:00  Gateway  
  54  5:02  Stalker, Gateway  
  56  5:07  Stalker  
  56  5:11  Probe (Chrono Boost)  
  56  5:12  Immortal, Probe (Chrono Boost)  
  64  5:25  Robotics Bay  
  64  5:29  Probe (Chrono Boost)  
  64  5:30  Probe (Chrono Boost)  
  66  5:39  Pylon  
  66  5:41  Probe (Chrono Boost)  
  67  5:47  Sentry  
  69  6:01  Nexus, Pylon  
  69  6:08  Disruptor  
  69  6:09  Stalker, Sentry  
  73  6:15  Stalker  
  73  6:17  Pylon  
  78  6:28  Pylon  
  78  6:31  Probe (Chrono Boost)  
  80  6:33  Probe (Chrono Boost)  
  80  6:36  Stalker x2  
  80  6:39  Disruptor  
  84  6:45  Probe (Chrono Boost)  
  88  6:51  Stalker x2  
  93  6:54  Probe (Chrono Boost)  
  93  6:56  Pylon  
  93  6:57  Probe (Chrono Boost)  
  94  7:05  Robotics Facility  
  94  7:06  Probe (Chrono Boost)  
  95  7:12  Probe (Chrono Boost)  
  96  7:17  Stalker x4  
  96  7:20  Disruptor  
  107  7:34  Probe (Chrono Boost)  
  110  7:37  Probe x2 (Chrono Boost)  
  110  7:38  Assimilator  
  110  7:40  Assimilator  
  110  7:42  Forge, Resonating Glaives  
  110  7:46  Probe (Chrono Boost)  
  110  7:47  Probe (Chrono Boost)  
  110  7:49  Probe (Chrono Boost)  
  113  7:52  Disruptor  
  113  7:54  Pylon  
  113  7:56  Adept x2  
  113  7:58  Probe x2 (Chrono Boost)  
  122  8:00  Protoss Ground Weapons Level 1  
  122  8:03  Probe (Chrono Boost)  
  123  8:06  Disruptor, Pylon  
  123  8:07  Pylon  
  126  8:15  Gateway  
  126  8:18  Gateway  
  126  8:22  Probe x3 (Chrono Boost)  
  126  8:25  Templar Archives  
  129  8:32  Probe (Chrono Boost), Disruptor  
  133  8:37  Pylon  
  133  8:38  Pylon  
  133  8:43  Disruptor  
  133  8:51  Photon Cannon  
  133  8:53  Photon Cannon  
  133  8:54  Photon Cannon  
  136  8:56  Adept  
  138  9:07  Disruptor  
  141  9:10  High Templar  
  141  9:11  Adept x2  
  141  9:14  Disruptor  
  147  9:21  High Templar  
  147  9:23  Nexus  
  152  9:29  Gateway  
  152  9:40  Adept x4  
  152  9:43  Disruptor  
  163  9:45  High Templar  
  163  9:47  Protoss Ground Weapons Level 2  
  163  9:50  Pylon x2  
  165  9:53  Pylon  
  165  9:59  Pylon  
  165  10:03  Disruptor  
  165  10:05  Pylon  
  165  10:09  Pylon x2  
  165  10:10  Probe (Chrono Boost), Pylon x2  
  165  10:11  Pylon  
  165  10:12  Pylon  
  169  10:19  High Templar  
  171  10:21  High Templar  
  171  10:25  Probe x2 (Chrono Boost)  
  171  10:26  Probe (Chrono Boost)  
  171  10:27  Adept x3, Assimilator  
  182  10:32  Assimilator  
  182  10:35  High Templar  
  184  10:36  Probe (Chrono Boost)  
  184  10:38  Probe x2 (Chrono Boost)  
  184  10:39  Probe (Chrono Boost)  
  188  10:56  Adept x2  
  188  10:57  Adept x4  
  198  11:09  Archon x2  
  198  11:10  Archon  
  184  11:16  Disruptor  
  145  11:24  Disruptor, Stalker x7  
  130  11:44  Probe (Chrono Boost)  
  130  11:46  Probe x2 (Chrono Boost)  
  129  11:47  Disruptor  
  129  11:48  Probe (Chrono Boost)  
  129  11:52  Adept x7  
  131  11:55  Probe (Chrono Boost)  
  131  12:01  Observer  
  119  12:03  Protoss Ground Weapons Level 3  
  119  12:06  Photon Cannon  
  119  12:13  High Templar x2  
  119  12:14  Adept x3  
  119  12:15  Adept x2  
  133  12:18  Archon  
  133  12:27  Photon Cannon  
  133  12:29  Disruptor  
  133  12:36  Adept x2  
  133  12:37  Adept x3  
  144  12:49  Stalker x2  
  148  13:03  Nexus  
  148  13:04  Stargate  
  145  13:06  Stalker x5, Assimilator  
  145  13:10  Assimilator  
  145  13:12  Pylon  
  155  13:14  Stalker x2  
  159  13:38  High Templar x4  
  159  13:39  Stalker x3  
  173  13:42  Archon  
  173  13:43  Archon  
  173  13:52  Gateway  
  173  13:55  Gateway, Oracle  
  170  14:10  Stalker  
  170  14:11  Stalker x6  
  184  14:26  Oracle  
  184  14:35  Stalker x6  
  190  14:58  Stalker x7  
  92  15:25  Stalker x7  
  92  15:50  Stalker x9  
  92  15:56  Nexus  
  110  16:00  Pylon  
  110  16:01  Pylon, Assimilator  
  110  16:03  Assimilator  
Tags
 
Add a new tag
Caveats
  • Supply blocks, unpowered buildings, or Contaminate may cause inaccurate times.
  • Supply counts are checked every 10 seconds.